cohdb
Replays
Latest Replays
All Replays
Popular Replays
Top Player Replays
Match Explorer
How It Works
Community
CoH3 Stats
Reddit
Sign in to upload your games and track your stats! →
Sign in with Steam
Match 45532898
Unlisted
Match 45532898
Overview
Messages
Build Orders
End
Scout Squad
Construct Barracks
Selects Advanced Infantry Battlegroup
Riflemen Squad
Riflemen Squad
Grenade Package
Selects Ammunition Storage
Riflemen Squad
Construct Medical Station
Riflemen Squad
Selects M2A1 105mm Howitzer Emplacement
Engineer Squad
Mechanized Support Center
Construct Motor Pool
Selects Free Fire Drills
M24 Chaffee Light Tank
Selects Convert to Ranger Squad
.30 cal Machine Gun
M1 Anti-tank Gun Team
Convert to Ranger Squad
M16 Multiple Gun Motor Carriage
Riflemen Squad
Selects Frontline Medical Station
Selects Ranger Weapon Training
KappaPolice
As Kar Toligniew
Kanade
Ober
0
0
Comments
sign in to comment!
No comments posted yet!